 Dungeon Crawl Stone Soup version 0.32-a0-975-g85d4e5bfdb (webtiles) character file.

Game seed: 11146837982958733440

861 funkygono the Firebug (level 8, 0/43 HPs)
             Began as a Gargoyle Fire Elementalist on Apr 18, 2024.
             Slain by an orc warrior
             ... wielding a +0 flail
              (12 damage)
             ... on level 5 of the Dungeon.
             The game lasted 00:11:49 (5837 turns).

funkygono the Firebug (Gargoyle Fire Elementalist)  Turns: 5837, Time: 00:11:51

Health: 0/43       AC: 12    Str: 12    XL:     8   Next: 2%
Magic:  2/15       EV: 11    Int: 18    God:
Gold:   218        SH:  0    Dex: 10    Spells: 9/16 levels left

rFire   . . .        k - +4 whip (venom)
rCold   . . .        (no shield)
rNeg    + . .        a - +0 robe
rPois   ∞            (no helmet)
rElec   +            e - +1 cloak
rCorr   .            (no gloves)
SInv    .            j - +2 pair of boots
Will    .....        (no amulet)
Stlth   ++           (no ring)
HPRegen 0.27/turn    (no ring)
MPRegen 0.14/turn

%: no passive effects
@: no status effects
A: sickness immunity, AC +5, negative energy resistance 1, electricity
resistance, torment resistance 1, petrification resistance
a: no special abilities


You were on level 5 of the Dungeon.
You visited 1 branch of the dungeon, and saw 5 of its levels.
You also visited: Sewer.

You collected 218 gold pieces.

Inventory:

Hand Weapons
 k - a +4 whip of venom (weapon)
Armour
 a - a +0 robe (worn)
 e - a +1 cloak (worn)
 j - a +2 pair of boots (worn)
Scrolls
 g - a scroll of amnesia
 m - a scroll of immolation
 q - 2 scrolls of teleportation
 r - a scroll of summoning {unknown}
Potions
 b - a potion of magic
 c - a potion of lignification {unknown}
 d - 2 potions of ambrosia
 f - 4 potions of brilliance
 h - 4 potions of might {unknown}
 i - 3 potions of curing
 l - a potion of attraction {unknown}
 n - a potion of invisibility {unknown}
 o - a potion of haste {unknown}
 p - a potion of heal wounds {unknown}
 s - a potion of mutation {unknown}
 v - a potion of berserk rage {unknown}


   Skills:
 + Level 1.2 Fighting
 + Level 2.0 Maces & Flails
 + Level 2.3 Dodging
 + Level 3.1 Stealth
 + Level 4.9 Spellcasting
 + Level 3.7 Conjurations
 + Level 5.7 Fire Magic


You had 9 spell levels left.
You knew the following spells:

 Your Spells              Type           Power      Damage    Failure   Level
a - Foxfire               Conj/Fire      84%        2x1d8     1%          1
b - Scorch                Fire           50%        2d7       1%          2
c - Flame Wave            Conj/Fire      21%        2d8       19%         4

Your spell library contained the following spells:

 Spells                   Type           Power      Damage    Failure   Level
 Kiss of Death            Conj/Necr      44%        2d8       6%          1
 Inner Flame              Hex/Fire       14%        N/A       12%         3
 Volatile Blastmotes      Fire/Tloc      28%        2d12      12%         3
 Call Imp                 Summ           8%         N/A       21%         2
 Confusing Touch          Hex            4%         N/A       38%         3
 Dispel Undead            Necr           4%         3d7       80%         4
 Summon Hydra             Summ           2%         N/A       100%        7
 Sublimation of Blood     Necr           Unusable   N/A       N/A         2

Dungeon Overview and Level Annotations

Branches:
Dungeon (5/15)              Sewer (visited)
 Temple: D:4-7

Altars:
Kikubaaqudgha
Makhleb
Nemelex Xobeh
Ru
Wu Jian


Innate Abilities, Weirdness & Mutations

You are immune to sickness and miasma.
Your stone body is resilient. (AC +5)
You are immune to poison.
You resist negative energy. (rN+)
You are resistant to electric shocks. (rElec)
You are resistant to unholy torment.
You are immune to petrification.


Message History

The orc warrior is lightly wounded.
Unknown command.
You closely miss the orc warrior.
The orc warrior is lightly wounded.
The orc warrior closely misses you.
Casting: Scorch (safe; 1% risk of failure)
Confirm with . or Enter, or press ? or * to list all spells.
You conjure some foxfire!
The orc warrior hits you with a +0 flail!
Casting: Foxfire (safe; 1% risk of failure)
Confirm with . or Enter, or press ? or * to list all spells.
Flames lash the orc warrior but do no damage.
The foxfire hits the orc warrior but does no damage.
The orc warrior is lightly wounded.
The foxfire hits the orc warrior but does no damage.
The orc warrior is lightly wounded.
The orc warrior hits you but does no damage.
You closely miss the orc warrior.
The orc warrior is lightly wounded.
The orc warrior hits you with a +0 flail!
Casting: Scorch (safe; 1% risk of failure)
Confirm with . or Enter, or press ? or * to list all spells.
You conjure some foxfire!
The orc hits you but does no damage.
Casting: Foxfire (safe; 1% risk of failure)
Confirm with . or Enter, or press ? or * to list all spells.
Flames lash the orc warrior.
The orc warrior is moderately wounded.
The orc warrior's fire resistance burns away.
The foxfire hits the orc warrior but does no damage.
The orc warrior is moderately wounded.
The foxfire hits the orc warrior.
The orc warrior is moderately wounded.
The orc hits you but does no damage. The orc warrior barely misses you.
You closely miss the orc warrior.
The orc warrior is moderately wounded.
A scorpion comes into view.
The orc hits you with a +0 dagger. The orc hits you with a +0 flail.
* * * LOW HITPOINT WARNING * * *
The orc warrior hits you with a +0 flail!
You die...

##.##..#........
#.##.#########.
#.##.###...# ##
#.##.......###...
#.##........s....
#.##............#
#.##.......####. #♣#
#.###..##..####.#
#.♣##.# #@o##)......#
.##
##.##.###oo##)#####.#
..$ #.......).##.##
#.# ...
########.##.#.####.#
.(# #...###.....# #ß
####.#.####.# ..(
##o..o..^# ##
#####o..# #.#.######


You could see an orc warrior (combustible), a scorpion (wandering) and 2 orcs.

Vanquished Creatures
  A sky beast (D:5)
  2 kobold brigands (Sewer)
  3 hounds
  2 jellies (D:4)
  2 iguanas
  6 orc wizards
  3 gnolls (D:5)
  16 adders
  A river rat (Sewer)
  2 ribbon worms
  A dart slug (D:4)
  11 orcs
  11 ball pythons
  4 endoplasms
  4 giant cockroaches
  6 goblins
  5 hobgoblins
  7 jackals
  3 quokkas
  9 bats
  7 frilled lizards
  7 kobolds
  4 rats
117 creatures vanquished.

Vanquished Creatures (collateral kills)
  A foxfire (D:2)
1 creature vanquished.

Vanquished Creatures (others)
  269 foxfires
269 creatures vanquished.

Grand Total: 387 creatures vanquished

Notes
Turn   | Place    | Note
-------+----------+-------------------------------------------
     0 | D:1      | funkygono the Gargoyle Fire Elementalist began the quest
                  | for the Orb.
     0 | D:1      | Reached XP level 1. HP: 10/10 MP: 3/3
   221 | D:1      | Reached XP level 2. HP: 15/15 MP: 3/5
   224 | D:1      | Learned a level 2 spell: Scorch
   813 | D:1      | Reached XP level 3. HP: 19/19 MP: 0/6
  1520 | D:2      | Reached XP level 4. HP: 24/24 MP: 0/8
  1525 | D:2      | Learned a level 4 spell: Flame Wave
  1618 | D:2      | Found a faded altar of an unknown god.
  1865 | D:2      | Reached skill level 4 in Fire Magic
  2299 | D:3      | Found an ancient bone altar of Kikubaaqudgha.
  2977 | D:3      | Reached XP level 5. HP: 28/28 MP: 5/9
  3190 | D:3      | Found an ornate altar of the Wu Jian Council.
  3509 | D:4      | Found a burning altar of Makhleb.
  3613 | D:4      | Found a glowing drain.
  3638 | Sewer    | Entered a sewer
  3878 | Sewer    | Reached XP level 6. HP: 32/32 MP: 7/11
  4227 | Sewer    | Reached skill level 5 in Fire Magic
  4318 | D:4      | Found a sparkling altar of Nemelex Xobeh.
  4385 | D:4      | Reached XP level 7. HP: 21/37 MP: 2/13
  4778 | D:4      | Reached skill level 1 in Maces & Flails
  4926 | D:4      | Noticed a green death
  4929 | D:4      | Noticed an orange demon
  4929 | D:4      | Noticed an orange demon
  4996 | D:4      | Found a sacrificial altar of Ru.
  5294 | D:5      | Entered Level 5 of the Dungeon
  5318 | D:5      | Reached skill level 1 in Fighting
  5828 | D:5      | Reached XP level 8. HP: 38/43 MP: 11/15
  5837 | D:5      | Slain by an orc warrior

Illustrated notes

Levels and vault maps discovered:
D:1:      amcnicky_arrival_blooded_trapdoor, layout_loops_ring
D:2:      layout_loops_ring, shapermc_ecumenical_altar_gd
D:3:      layout_basic, nzn_wu_jian_council_hall, kiku_gazebo_pond_becter
D:4:      layout_cave_pods, nicolae_ru_the_path_less_chosen, lemuel_round_altar,
          makhleb_altar_promises_db, gup_sewer_entry_glass, minmay_crystal_room,
          roderic_roman_lattice, corexii_corridor_pit
D:5:      kennysheep_kobold_camp, layout_loops_ring, guppyfry_early_orc_mine

Skill      XL: |  1  2  3  4  5  6  7 |
---------------+----------------------+-----
Fire Magic     | 4 5 |  5.7
Spellcasting   | 3 4 |  4.9
Dodging        | 2 |  2.3
Conjurations   | 2 3 |  3.7
Maces & Flails | 2 |  2.0
Stealth        | 3 |  3.1
Fighting       | 1 |  1.2

Action                     |  1- 3 |  4- 6 |  7- 9 || total
---------------------------+-------+-------+-------++-------
  Melee: Unarmed           |     2 |       |       ||     2
         Whip              |    19 |    95 |    36 ||   150
   Cast: Foxfire           |    52 |    75 |    33 ||   160
         Scorch            |     3 |    12 |    12 ||    27
    Use: Scroll            |     6 |     3 |     4 ||    13
 Armour: Robe              |    29 |    44 |    36 ||   109
  Dodge: Dodged            |    21 |    32 |    15 ||    68

Table legend: (Time is in decaauts)
 A = Elapsed time spent in this place.
 B = Non-inter-level travel time spent in this place.
 C = Inter-level travel time spent in this place.
 D = Time resting spent in this place.
 E = Time spent auto-exploring this place.
 F = Levels seen in this place.
 G = Mean time per level.
                   A        B        C        D        E       F      G
               +--------+--------+--------+--------+--------+-----+--------+
         Total |   5924 |   5765 |    159 |    326 |   4261 |   6 |  987.3 |
       Dungeon |   5186 |   5027 |    159 |    326 |   3660 |   5 | 1037.2 |
         Sewer |    737 |    737 |      0 |      0 |    600 |   1 |  737.0 |
               +--------+--------+--------+--------+--------+-----+--------+

Top non-repeatable levels by time:
     D:4: 1332 daAuts
     D:1: 1167 daAuts
     D:2: 1099 daAuts
     D:3: 1044 daAuts
   Sewer: 737 daAuts
     D:5: 543 daAuts
